AoeStats
← CazadorGT

Arena

508975832Analyzed
3v3 RM · 7d ago on Sep 24, 2026· 29m 39s· 6 players
Game mode
Random Map
Map size
Normal (6 player)
Population
200
Speed
Normal
Resources
Standard
Victory
Conquest
Starting age
Dark Age
Ending age
Imperial Age
RankedLock teamsTeams togetherTeam positionsShared explorationLock speedFull tech treeHidden civsTurbo modeCheats
Victory
Defeat
🇺🇸 Bohemians · United States
1161
+15
🇺🇸 Poles · United States
1141
+16
🇺🇸 Spanish · United States
1076
+19
🇬🇹 Bohemians · Guatemala
1196
-20
🇻🇪 Franks · Venezuela
1155
-17
🇮🇹 Aztecs · Italy
1060
-13
CazadorGT
11:55 Feudal Age
15:41 Castle Age
15:47 Fletching
16:51 Loom
27:22 Imperial Age
25:13 Double-Bit Axe
25:10 Horse Collar
dejame_ganar
11:38 Feudal Age
15:39 Castle Age
18:02 Pikeman
22:01 Fletching
23:48 Squires
26:00 Bodkin Arrow
verbumdei76
0:30 Loom
10:46 Feudal Age
15:39 Castle Age
13:52 Double-Bit Axe
15:05 Scale Mail Armor
14:50 Horse Collar
15:25 Stone Mining
cm2of4
10:47 Feudal Age
14:32 Castle Age
13:35 Loom
24:20 Gold Mining
dillon1556
10:13 Feudal Age
8:29 Loom
16:04 Castle Age
15:00 Double-Bit Axe
15:11 Horse Collar
17:41 Pikeman
18:46 Scale Mail Armor
24:55 Forging
25:01 Chain Mail Armor
29:28 Wheelbarrow
BittenDork
10:17 Feudal Age
14:28 Castle Age
12:45 Double-Bit Axe
13:06 Horse Collar
18:13 Heavy Plow
21:17 Wheelbarrow
21:37 Scale Barding Armor
22:21 Bloodlines
24:25 Forging
26:54 Hand Cart
30:02 Imperial Age
28:45 Chain Barding Armor
29:00 Iron Casting
29:10 Szlachta Privileges
Connection lost

Rejoining the realm…

Still unreachable

The connection could not be restored.

Session expired

The server has moved on; the page needs a fresh start.